 Dungeon Crawl Stone Soup version 0.17.0-9-g801d43b (webtiles) character file.

6451 Sheev the Quickloader (level 11, -8/90 HPs)
             Began as a Formicid Hunter on Nov 9, 2015.
             Was a High Priest of Cheibriados.
             Mangled by Snorg (11 damage)
             ... on level 10 of the Dungeon.
             The game lasted 01:29:32 (11847 turns).

Sheev the Quickloader (Formicid Hunter)            Turns: 11847, Time: 01:29:32

Health: -8/90      AC: 26    Str: 32      XL:     11   Next: 18%
Magic:  11/11      EV: 10    Int: 21 (22) God:    Cheibriados [*****.]
Gold:   335        SH:  0    Dex: 27      Spells: 0 memorised, 10 levels left

rFire  . . .     SeeInvis +     c - +1 mace (protect)
rCold  . . .     Clarity  .     o - +4 plate armour
rNeg   . . .     SustAt   .     (no shield)
rPois  .         Gourm    .     (helmet unavailable)
rElec  .         Spirit   .     l - +0 cloak
rCorr  .         Warding  .     (no gloves)
rMut   .         Stasis   +     t - +0 pair of boots
MR     +....                    (no amulet)
Stlth  ..........               p - +4 ring of dexterity
                                e - +4 ring of strength

@: lethally poisoned (-8 -> -11), very slow, somewhat resistant to hostile
enchantments, extremely unstealthy
A: permanent stasis, dig shafts and tunnels, four strong arms, antennae 3,
clumsy 1, deterioration 1, slow regeneration 1
a: Dig, Shaft Self, Bend Time, Temporal Distortion, Slouch, Step From Time,
Renounce Religion


You were on level 10 of the Dungeon.
You worshipped Cheibriados.
Cheibriados was extremely pleased with you.
You were not hungry.

You visited 2 branches of the dungeon, and saw 11 of its levels.

You collected 608 gold pieces.
You spent 273 gold pieces at shops.

Inventory:

Hand Weapons
 a - a +2 hand crossbow
 c - a +1 mace of protection (weapon)
 s - a +2 dagger of venom
 u - a +0 war axe
Missiles
 g - 13 bolts of frost
 h - 190 stones (quivered)
 w - 6 bolts of flame
 D - 13 bolts
 I - 2 throwing nets
Armour
 l - a +0 cloak (worn)
 n - a +0 ring mail of magic resistance
 o - a +4 plate armour (worn)
 t - a +0 pair of boots (worn)
 v - a +2 ring mail of cold resistance
 z - a +1 ring mail of magic resistance
 C - a steam dragon hide
 F - a +0 ring mail of positive energy
Jewellery
 b - the ring of Tijall {Ice Str+4}
   (You took it off an orc wizard on level 5 of the Dungeon)

   [ring of ice]

   It enhances your ice magic, and weakens your fire magic.
   It affects your strength (+4).
   It makes you vulnerable to fire.
   It protects you from cold.
 e - a +4 ring of strength (left hand)
 j - an uncursed ring of fire
 p - a +4 ring of dexterity (right hand)
Wands
 x - a wand of polymorph (5)
 y - a wand of lightning (12)
 G - a wand of fireball (10)
Scrolls
 d - 4 scrolls of identify
 f - 3 scrolls of enchant weapon
 m - 4 scrolls of remove curse
Potions
 i - 3 potions of curing
 B - 2 potions of brilliance
 H - a potion of magic
Comestibles
 q - 3 bread rations
 r - 7 beef jerkies
 A - 9 chunks of flesh
 E - a meat ration


   Skills:
 - Level 10.0 Fighting
 + Level 4.0 Maces & Flails
 - Level 10.0 Crossbows
 - Level 10.0 Armour
 - Level 1.7 Dodging
 - Level 1.2 Stealth


You had 10 spell levels left.
You didn't know any spells.

Dungeon Overview and Level Annotations

Branches:
Dungeon (10/15)            Temple (1/1) D:4
   Lair: D:8-11         Orc: D:9-12

Altars:
Ashenzari
Cheibriados
Dithmenos
Elyvilon
Fedhas
Gozag
Kikubaaqudgha
Makhleb
Nemelex Xobeh
Okawaru
Qazlal
Ru
Sif Muna
Trog
Vehumet
Xom
Yredelemnul
Zin
The Shining One

Shops:
D:4 !   D:8 :

Annotations:
D:10 Snorg


Innate Abilities, Weirdness & Mutations

You are under a permanent stasis effect.
You can dig through walls and to a lower floor.
Your four strong arms can wield two-handed weapons with a shield.
You have a pair of large antennae on your head (SInv).
You are clumsy. (Dex -2)
Your body sometimes deteriorates upon taking damage.
You regenerate slowly when monsters are visible.


Message History

Snorg closely misses you. The killer bee barely misses you.
A hippogriff comes into view.
* * * LOW HITPOINT WARNING * * *
You feel sick.
The orc wizard shouts!
The killer bee stings you but does no damage.
The orc priest looks braver for a moment.
Snorg misses you. Snorg claws you but does no damage.
Snorg claws you but does no damage.
The killer bee stings you but does no damage.
Snorg bites you but does no damage. Snorg claws you but does no damage.
Snorg claws you but does no damage.
The killer bee stings you but does no damage.
You see here a giant gecko skeleton.
* * * LOW HITPOINT WARNING * * *
You feel sick.
The killer bee stings you but does no damage.
The orc wizard casts a spell at you. The puff of flame hits you!
Snorg bites you!
You die...

.......§§§.......................
.......§§§.............<....#####
.......§§§..................#
#..######.o####o..########..#
#..# #.o# #...# #..# #..# #o.#
#...# #..# #..######..####...#
#..#
#...........oo.T..########..#####
............oo.y@..<##..##.......
........###########.#8..8#.......
#.......# #{.........####
#.......# ##..>......# #.......#
##8..8#...# #.......# ##..##...#
#........ ........... .........
............. #........
.########.#####


You could see Snorg (berserk), a killer bee, an orc priest, an orc wizard and 3
orcs.

Vanquished Creatures
  Harold (D:10)
  Sigmund (D:6)
  4 yaks (D:9)
  A steam dragon (D:10)
  2 hungry ghosts
  2 hippogriffs
  2 ice beasts
  3 sky beasts
  A black bear (D:6)
  A necrophage (D:6)
  10 ogres
  2 orc warriors
  A phantom (D:9)
  A crocodile (D:8)
  7 centaurs
  Blork the orc (D:7)
  A giant frog (D:7)
  3 scorpions
  A killer bee (D:10)
  4 jellies
  3 crimson imps
  A centaur zombie (D:7)
  A giant frog skeleton (D:6)
  12 hounds
  Crazy Yiuf (D:6)
  4 orc priests
  Ijyb (D:2)
  An iguana (D:8)
  Jessica (D:2)
  A centaur skeleton (D:9)
  12 orc wizards
  3 worker ants
  11 adders
  4 river rats (D:5)
  2 gnolls (D:5)
  A shadow imp (D:7)
  An ooze (D:4)
  5 adder skeletons
  5 giant geckos
  20 orcs
  2 ball pythons
  2 giant cockroaches
  8 hobgoblins
  9 kobolds
  9 quokkas
  A ball python zombie (D:6)
  10 bats
  5 giant newts
  4 goblins (D:2)
  7 jackals
  A quokka skeleton (D:4)
  A quokka zombie (D:5)
  8 rats
206 creatures vanquished.

Vanquished Creatures (others)
  An adder (D:7)
  An orc (D:7)
2 creatures vanquished.

Grand Total: 208 creatures vanquished

Notes
Turn   | Place    | Note
--------------------------------------------------------------
     0 | D:1      | Sheev the Formicid Hunter began the quest for the Orb.
     0 | D:1      | Reached XP level 1. HP: 16/16 MP: 1/1
   548 | D:1      | Reached XP level 2. HP: 22/22 MP: 2/2
  1244 | D:2      | Found a shimmering altar of Xom.
  1252 | D:2      | Reached XP level 3. HP: 25/27 MP: 3/3
  1257 | D:2      | Found a sparkling altar of Nemelex Xobeh.
  1260 | D:2      | Found a bloodstained altar of Trog.
  1263 | D:2      | Found a radiant altar of Vehumet.
  1313 | D:2      | Reached skill level 5 in Crossbows
  1611 | D:2      | Reached XP level 4. HP: 12/33 MP: 4/4
  1817 | D:2      | Noticed Ijyb
  1827 | D:2      | Killed Ijyb
  1979 | D:2      | Noticed Jessica
  1985 | D:2      | Killed Jessica
  1985 | D:2      | Reached skill level 6 in Crossbows
  1985 | D:2      | Reached XP level 5. HP: 36/38 MP: 5/5
  2830 | D:3      | Found a shattered altar of Ashenzari.
  3106 | D:3      | Found a snail-covered altar of Cheibriados.
  3730 | D:4      | Reached XP level 6. HP: 26/44 MP: 6/6
  3923 | D:4      | Found Zelozaydi's Distillery.
  3942 | D:4      | Bought a potion of might for 52 gold pieces
  3942 | D:4      | Bought 2 potions of heal wounds for 130 gold pieces
  3942 | D:4      | Bought a potion of curing for 39 gold pieces
  4021 | D:4      | Reached skill level 7 in Crossbows
  4063 | D:4      | Noticed an ogre
  4068 | D:4      | Killed an ogre
  4443 | D:4      | Found a staircase to the Ecumenical Temple.
  4456 | Temple   | Entered the Ecumenical Temple
  4670 | D:4      | Reached XP level 7. HP: 45/50 MP: 7/7
  4767 | D:3      | Became a worshipper of Cheibriados the Contemplative
  4852 | D:4      | Bought a potion of brilliance for 52 gold pieces
  4863 | D:5      | Entered Level 5 of the Dungeon
  4873 | D:5      | Reached skill level 8 in Crossbows
  5061 | D:5      | Found a white marble altar of Elyvilon.
  5070 | D:5      | Reached skill level 9 in Crossbows
  5080 | D:5      | Reached XP level 8. HP: 54/56 MP: 8/8
  5172 | D:5      | Found an ancient bone altar of Kikubaaqudgha.
  5338 | D:5      | Found a shadowy altar of Dithmenos.
  5381 | D:5      | Reached * piety under Cheibriados
  5873 | D:5      | Got a transparent wooden ring
  6144 | D:5      | Reached skill level 10 in Crossbows
  6158 | D:5      | Reached skill level 1 in Armour
  6356 | D:5      | Identified the ring of Tijall {Ice Str+4} (You took it off an orc wizard on level 5 of the Dungeon)
  6740 | D:6      | Noticed Sigmund
  6768 | D:6      | Killed Sigmund
  6892 | D:6      | Reached skill level 5 in Armour
  6892 | D:6      | Reached XP level 9. HP: 61/61 MP: 9/9
  7020 | D:6      | Noticed Crazy Yiuf
  7025 | D:6      | Killed Crazy Yiuf
  7453 | D:6      | Reached ** piety under Cheibriados
  8323 | D:6      | Reached skill level 10 in Armour
  8323 | D:6      | Reached XP level 10. HP: 49/67 MP: 10/10
  8815 | D:6      | Reached *** piety under Cheibriados
  8943 | D:7      | Found a stormy altar of Qazlal.
  9144 | D:7      | Reached skill level 5 in Fighting
  9400 | D:7      | Gained mutation: You are clumsy. (Dex -2) [mutagenic meat]
  9401 | D:7      | Gained mutation: Your body sometimes deteriorates upon taking damage. [mutagenic meat]
  9402 | D:7      | Gained mutation: You regenerate slowly when monsters are visible. [mutagenic meat]
  9915 | D:7      | Noticed Blork the orc
  9919 | D:7      | Killed Blork the orc
  9927 | D:7      | Found a deep blue altar of Sif Muna.
 10048 | D:8      | Found a shimmering altar of Xom.
 10100 | D:8      | Reached **** piety under Cheibriados
 10112 | D:8      | Found Udghey Idyosi's Book Boutique.
 10303 | D:8      | Found a sacrificial altar of Ru.
 11685 | D:10     | Entered Level 10 of the Dungeon
 11695 | D:10     | Reached XP level 11. HP: 84/90 MP: 11/11
 11699 | D:10     | Reached skill level 10 in Fighting
 11781 | D:10     | Reached ***** piety under Cheibriados
 11799 | D:10     | Noticed Harold
 11821 | D:10     | Killed Harold
 11831 | D:10     | Noticed Snorg
 11846 | D:10     | HP: 4/90 [poisoned by a killer bee]
 11847 | D:10     | Mangled by Snorg

Action                   |  1- 3 |  4- 6 |  7- 9 | 10-12 || total
-------------------------+-------+-------+-------+-------++-------
Melee: Short sword       |    97 |       |       |       ||    97
       Dagger            |       |   106 |   230 |       ||   336
       Halberd           |       |       |    13 |       ||    13
       Trident           |       |       |    37 |    79 ||   116
       Mace              |       |       |       |    72 ||    72
 Fire: Hand crossbow     |    25 |    41 |    73 |   180 ||   319
Throw: Stone             |       |     2 |     5 |       ||     7
Invok: Bend Time         |       |       |     1 |       ||     1
  Use: Scroll            |       |     3 |     6 |     4 ||    13
       Potion            |       |       |    10 |     5 ||    15
 Stab: Sleeping          |     1 |     1 |       |       ||     2
       Distracted        |       |       |     1 |       ||     1
  Eat: Chunk             |     2 |    10 |     5 |     8 ||    25
       Bread ration      |       |       |     8 |     1 ||     9
       Meat ration       |       |       |     2 |       ||     2
       Fruit             |       |       |     1 |       ||     1
       Beef jerky        |       |       |     1 |       ||     1
